 Dungeon Crawl Stone Soup version 0.30-a0-364-gf6b3ef1049 (webtiles) character file.

Game seed: 8251790347591767031

67 Devinter the Stinger (level 4, -1/24 HPs)
             Began as a Tengu Venom Mage on Nov 16, 2022.
             Killed from afar by an orc wizard (9 damage)
             ... with a magic dart
             ... on level 3 of the Dungeon.
             The game lasted 00:16:52 (1672 turns).

Devinter the Stinger (Tengu Venom Mage)             Turns: 1672, Time: 00:16:53

Health: -1/24      AC:  2    Str:  8    XL:     4   Next: 18%
Magic:  7/9        EV: 13    Int: 15    God:
Gold:   103        SH:  0    Dex: 17    Spells: 4/8 levels left

rFire   . . .      SeeInvis .    o - +0 dagger (venom)
rCold   . . .      Faith    .    (no shield)
rNeg    . . .      Spirit   .    a - +0 robe
rPois   .          Reflect  .    (helmet restricted)
rElec   .          Harm     .    (no cloak)
rCorr   .          Rampage  .    (no gloves)
Will    .....                    (boots unavailable)
Stlth   ++........               (no amulet)
HPRegen 0.24/turn                (no ring)
MPRegen 0.11/turn                (no ring)

@: no status effects
A: beak, talons 3
a: no special abilities


You were on level 3 of the Dungeon.
You visited 1 branch of the dungeon, and saw 3 of its levels.

You collected 103 gold pieces.

Inventory:

Hand Weapons
 o - a +0 dagger of venom (weapon)
Missiles
 e - 25 stones
 l - 2 boomerangs of dispersal
Armour
 a - a +0 robe (worn)
Jewellery
 h - a ring of fire
 j - a ring of resist corrosion
Scrolls
 c - a scroll of butterflies {unknown}
 d - a scroll of magic mapping {unknown}
 i - 3 scrolls of teleportation {unknown}
 m - 2 scrolls of identify {unknown}
Potions
 b - a potion of magic
 f - a potion of invisibility {unknown}
 g - 2 potions of curing
 k - 3 potions of degeneration {unknown}
 n - 2 potions of flight {unknown}


   Skills:
 - Level 3.0 Dodging
 - Level 2.0 Stealth
 + Level 2.6 Spellcasting
 - Level 1.0 Transmutations
 + Level 1.5 Fire Magic
 + Level 3.5 Poison Magic


You had 4 spell levels left.
You knew the following spells:

 Your Spells              Type           Power      Damage    Failure   Level
a - Sting                 Tmut/Pois      32%        1d4       9%          1
b - Poisonous Vapours     Pois/Air       14%        N/A       16%         2
c - Magic Dart            Conj           4%         1d3       22%         1

Your spell library contained the following spells:

 Spells                   Type           Power      Damage    Failure   Level
 Ignite Poison            Fire/Tmut/Pois 8%         N/A       26%         3
 Call Imp                 Summ           1%         N/A       32%         2
 Mephitic Cloud           Conj/Pois/Air  5%         N/A       36%         3
 Olgreb's Toxic Radiance  Pois           12%        N/A       43%         4
 Sticky Flame             Conj/Fire      4%         2d3       83%         4
 Ignition                 Fire           3%         3d4       100%        8


Dungeon Overview and Level Annotations

Branches:
Dungeon (3/15)

Altars:


Innate Abilities, Weirdness & Mutations

You have a beak for a mouth.
You have claws for feet.


Message History

The quokka closely misses you.
You miss the quokka.
The quokka is moderately wounded.
The quokka bites you.
You closely miss the quokka. Your kick misses the quokka.
Your peck misses the quokka.
The quokka is heavily wounded.
The quokka closely misses you. The quokka bites you.
You closely miss the quokka. Your kick misses the quokka.
The quokka is heavily wounded.
The quokka misses you.
You closely miss the quokka. You claw the quokka, but do no damage.
The quokka is heavily wounded.
The quokka looks more healthy.
The quokka bites you.
The orc wizard casts a spell.
The orc wizard flickers and vanishes!
Deactivating autopickup; reactivate with Ctrl-A.
You hear a shout!
You hit the quokka but do no damage. You claw the quokka.
You kill the quokka!
The orc attacks as you move away! The orc hits you with a +0 hand axe.
Casting: Sting (safe; 9% risk of failure)
Confirm with . or Enter, or press ? or * to list all spells.
Aiming: Sting (safe; 9% risk of failure)
Press: ? - help, Shift-Dir - straight line, f - orc
Aim: an orc, wielding a +0 hand axe (68% to hit)
The sting hits the orc.
The orc is poisoned.
The orc is heavily wounded.
The orc priest mumbles some strange prayers to Beogh against you.
Beogh smites you!
Ouch! That really hurt!
* * * LOW HITPOINT WARNING * * *
The orc hits you with a +0 hand axe.
* * * LOW HITPOINT WARNING * * *
It was a potion of curing.
You feel better. The orc barely misses you.
Found a jewelled brass wand.
You kill the orc!
A magic dart appears from out of thin air!
The magic dart hits you!
You die...

####### #...# ......# ####.#.#
......# ########......#
......#######........##.###
..[....oo..o{........##.#
......#######...........##
....... ###...)......##..###
..................)..##....# ###
...........##...@######.##.####..
...######.# ##...# #.#....##..
... #.# #.#.. #.#....##.. ... . #
#..#.## #.#....##.. # ...##..
.##.###.###.. .### ##.#
............. / .# .#...##..##..
.. #........... #..###.##.##


You could see an orc.

Vanquished Creatures
  Robin (D:2)
  A worm (D:2)
  A dart slug (D:3)
  An orc (D:3)
  11 ball pythons
  4 endoplasms
  10 goblins
  4 hobgoblins (D:2)
  3 jackals
  A quokka (D:3)
  5 bats
  A frilled lizard (D:1)
  3 kobolds
  4 rats
50 creatures vanquished.

Notes
Turn   | Place    | Note
-------+----------+-------------------------------------------
     0 | D:1      | Devinter the Tengu Venom Mage began the quest for the Orb.
     0 | D:1      | Reached XP level 1. HP: 10/10 MP: 4/4
    92 | D:1      | Learned a level 1 spell: Magic Dart
   100 | D:1      | Reached skill level 1 in Transmutations
   261 | D:1      | Reached XP level 2. HP: 15/15 MP: 4/6
   573 | D:1      | Learned a level 2 spell: Poisonous Vapours
   644 | D:1      | Reached skill level 3 in Dodging
   969 | D:2      | Reached XP level 3. HP: 19/19 MP: 4/7
  1241 | D:2      | Found a faded altar of an unknown god.
  1253 | D:2      | Reached skill level 1 in Fire Magic
  1346 | D:2      | Noticed Robin
  1392 | D:2      | Killed Robin
  1393 | D:2      | Reached XP level 4. HP: 23/24 MP: 0/8
  1667 | D:3      | HP: 2/24 [orc/+0 hand axe (1)]
  1672 | D:3      | Killed from afar by an orc wizard

Illustrated notes

Levels and vault maps discovered:
D:1:      lordsloth_arrival_two_stooges, layout_basic, minmay_parallelograms,
          minmay_heptomino_o4
D:2:      layout_rooms, hellmonk_ecumenical_altar_arch_garden, uniq_robin
D:3:      layout_rooms, nicolae_elevator_lobby_plus

Skill      XL: |  1  2  3 |
---------------+----------+-----
Transmutations | 1 |  1.0
Dodging        | 3 |  3.0
Fire Magic     | 1 |  1.5
Stealth        | |  2.0
Spellcasting   | |  2.6
Poison Magic   | |  3.5

Action                   |  1- 3 |  4- 6 || total
-------------------------+-------+-------++-------
Melee: Club              |     6 |       ||     6
       Kick              |    13 |     4 ||    17
       Short sword       |    12 |       ||    12
       Dagger            |    19 |    12 ||    31
       Peck              |     7 |     1 ||     8
       Punch             |     1 |       ||     1
 Cast: Sting             |    55 |     4 ||    59
       Poisonous Vapours |     3 |       ||     3
       Magic Dart        |       |     2 ||     2
  Use: Potion            |       |     1 ||     1
 Stab: Sleeping          |       |     1 ||     1
Armor: Robe              |    12 |     1 ||    13
Dodge: Dodged            |    27 |     6 ||    33

Table legend: (Time is in decaauts)
 A = Elapsed time spent in this place.
 B = Non-inter-level travel time spent in this place.
 C = Inter-level travel time spent in this place.
 D = Time resting spent in this place.
 E = Time spent auto-exploring this place.
 F = Levels seen in this place.
 G = Mean time per level.
                   A        B        C        D        E       F      G
               +--------+--------+--------+--------+--------+-----+--------+
         Total |   1671 |   1645 |     26 |    271 |    416 |   3 |  557.0 |
       Dungeon |   1671 |   1645 |     26 |    271 |    416 |   3 |  557.0 |
               +--------+--------+--------+--------+--------+-----+--------+

Top non-repeatable levels by time:
     D:1: 796 daAuts
     D:2: 764 daAuts
     D:3: 110 daAuts
